 Dungeon Crawl Stone Soup version 0.21-a0-450-gd87a9b2 (webtiles) character file.

7 dududu the Charlatan (level 1, 15/15 HPs)
             Began as a Mummy Artificer on Nov 18, 2017.
             Safely got out of the dungeon.
             The game lasted 00:00:58 (314 turns).

dududu the Charlatan (Mummy Artificer)               Turns: 314, Time: 00:00:59

Health: 15/15      AC:  3    Str: 15    XL:     1   Next: 83%
Magic:  2/2        EV: 12    Int: 10    God:
Gold:   17         SH:  0    Dex: 12    Spells: 0/0 levels left

rFire    x . .     SeeInvis .   a - +0 short sword
rCold    + . .     Gourm    .   (no shield)
rNeg     + + +     Faith    .   b - +0 leather armour
rPois    ∞         Spirit   .   (no helmet)
rElec    .         Reflect  .   (no cloak)
rCorr    .         Harm     .   (no gloves)
MR       .....                  (no boots)
Stlth    +.........             (no amulet)
HPRegen  0.05/turn              (no ring)
MPRegen  0.08/turn              (no ring)

@: no status effects
A: no food or potions, fire vulnerability, cold resistance 1, negative energy
resistance 3, torment resistance, unbreathing
a: no special abilities


You escaped.
You were not hungry.

You visited 1 branch of the dungeon, and saw 1 of its levels.

You collected 17 gold pieces.

Inventory:

Hand Weapons
 a - a +0 short sword (weapon)
Armour
 b - a +0 leather armour (worn)
Wands
 c - a wand of flame (15/48)
 d - a wand of enslavement (15/24)
 e - a wand of random effects (15/48)


   Skills:
 + Level 1.2 Fighting
 + Level 1.0 Short Blades
 + Level 1.7 Dodging
 + Level 1.0 Stealth
 + Level 2.5 Evocations


You couldn't memorise any spells.
You didn't know any spells.

Dungeon Overview and Level Annotations

Branches:
Dungeon (1/15)

Altars:


Innate Abilities, Weirdness & Mutations

You do not eat or drink.
Your flesh is vulnerable to fire.
You are immune to poison.
Your flesh is cold resistant. (rC+)
You are immune to negative energy. (rN+++)
You are immune to unholy pain and torment.
You can survive without breathing.


Message History

You barely miss the frilled lizard.
The frilled lizard bites you but does no damage.
You closely miss the frilled lizard. The frilled lizard closely misses you.
You hit the frilled lizard.
You kill the frilled lizard!
Your Short Blades skill increases to level 1!
You see here a frilled lizard corpse.
Firing (i - inventory): No suitable missiles.
Press: ? - help, Shift-Dir - straight line, f - you Really target yourself?
Okay, then.
(D) Dungeon
Where to? (? - help)
Okay, then.
You see here a giant cockroach corpse.
You see here 18 arrows.
There is an open gate here.
There is a staircase leading out of the dungeon here.
Are you sure you want to leave the Dungeon?
This will make you lose the game!
You have escaped!

##.......##
#......
#.........####
#....##
.............+
.......
###.......####
##.....#
##.....##
#.#.#.# ##.#(##
###### #.###..
###.# #8.#.# #
##. #.#
###'#..# #.#
#..'#.@# #.#
#.#'#..#
####.###.#8.#.#
#........######
#.##.###.# #
#.......#
#####.#.#
#.#... #.# ###


There were no monsters in sight!

Vanquished Creatures
  A dart slug (D:1)
  A giant cockroach (D:1)
  A bat (D:1)
  A frilled lizard (D:1)
  2 rats (D:1)
6 creatures vanquished.

Notes
Turn   | Place    | Note
-------+----------+-------------------------------------------
     0 | D:1      | dududu the Mummy Artificer began the quest for the Orb.
     0 | D:1      | Reached XP level 1. HP: 15/15 MP: 2/2
   235 | D:1      | Reached skill level 1 in Stealth
   253 | D:1      | Reached skill level 1 in Short Blades
   314 | D:$      | Safely got out of the dungeon.

Vault maps used:
D:1:      saegor_arrival_simple_c, minmay_misc_feat_hallway,
          hangedman_decor_lopped

Skill      XL: |  1 |
---------------+----+-----
Stealth        | 1 |  1.0
Short Blades   | 1 |  1.0
Fighting       | |  1.2
Dodging        | |  1.7
Evocations     | |  2.5

Action                   || total
-------------------------++-------
Melee: Short sword       ||    23
 Stab: Sleeping          ||     1
Armor: Leather armour    ||     5
Dodge: Dodged            ||    14

Table legend:
 A = Spawn XP
 B = Non-spawn XP
 C = Spawn XP percentage of total XP
 D = Spawn monster count
 E = Non-spawn monster count
 F = Spawn count percentage of total count
 G = Total turns spent on level
                    A         B        C        D         E        F      G
               +---------+---------+-------+---------+---------+-------+---------
         Total |       0 |      10 |   0.0 |       0 |       6 |   0.0 |   314
               +---------+---------+-------+---------+---------+-------+---------
           D:1 |       0 |      10 |   0.0 |       0 |       6 |   0.0 |   314
               +---------+---------+-------+---------+---------+-------+---------
